[Event "Carnaval"]
[Site "Quebec CAN"]
[Date "2026.02.21"]
[Round "2"]
[White "Di Matteo, Alessio"]
[Black "Song, Julien"]
[Result "0-1"]
[ECO "E07"]
[WhiteElo "2048"]
[BlackElo "2458"]
[WhiteFideId "-1"]
[BlackFideId "-1"]
[PlyCount "44"]
[GameId "2286552151531553"]
[EventDate "2026.02.20"]
[EventType "swiss"]
[EventRounds "5"]
[EventCountry "CAN"]
[TimeControl "5400+30"]

1. d4 d5 2. c4 c6 3. Nf3 Nf6 4. Nc3 e6 5. g3 Be7 6. Bg2 O-O 7. O-O Nbd7 8. Qd3 a5 9. e4 b6 10. Rd1 Ba6 11. b3 b5 12. cxb5 cxb5 13. e5 b4 14. Qe3 Ng4 15. Qf4 Nxf2 16. Kxf2 bxc3 17. Qg4 c2 18. Rd2 Rc8 19. a3 Qb6 20. Ra2 Qxb3 21. Rb2 Qa4 22. Ra2 Bb4 0-1

[Event "Carnaval"]
[Site "Quebec CAN"]
[Date "2026.02.21"]
[Round "2"]
[White "Chiku-Ratte, Olivier-Kenta"]
[Black "Bourassa, Samuel"]
[Result "1-0"]
[ECO "A90"]
[WhiteElo "2404"]
[BlackElo "1992"]
[WhiteFideId "-1"]
[BlackFideId "-1"]
[PlyCount "83"]
[GameId "2286552151531554"]
[EventDate "2026.02.20"]
[EventType "swiss"]
[EventRounds "5"]
[EventCountry "CAN"]
[TimeControl "5400+30"]

1. d4 f5 2. c4 Nf6 3. Nc3 e6 4. g3 d5 5. Bg2 c6 6. Qd3 Bd6 7. Nh3 a6 8. O-O O-O 9. b3 b6 10. Bb2 Qe8 11. Rac1 Qh5 12. Na4 Bc7 13. c5 b5 14. Nb6 Ra7 15. a4 Nbd7 16. Qe3 e5 17. dxe5 Ng4 18. Qg5 Qxg5 19. Nxg5 Bxe5 20. Bxe5 Ndxe5 21. axb5 axb5 22. Ra1 Rc7 23. Nxc8 Rfxc8 24. Ne6 Rf7 25. Ra6 Nf6 26. Rfa1 Re7 27. Ra8 Ree8 28. Rxc8 Rxc8 29. Ra7 Ned7 30. b4 Kf7 31. Nd4 g6 32. Bxd5+ cxd5 33. c6 Ke8 34. cxd7+ Nxd7 35. Nxb5 Rc1+ 36. Kg2 Rb1 37. Nc7+ Ke7 38. Nxd5+ Kd6 39. Ra5 Ne5 40. Nf4 Nc6 41. Rd5+ Ke7 42. Nd3 1-0

[Event "Carnaval"]
[Site "Quebec CAN"]
[Date "2026.02.21"]
[Round "2"]
[White "Iordanescu, Victor Nicolae"]
[Black "Latorre, Vincent"]
[Result "0-1"]
[ECO "A38"]
[WhiteElo "1992"]
[BlackElo "2383"]
[WhiteFideId "-1"]
[BlackFideId "-1"]
[PlyCount "96"]
[GameId "2286552151535651"]
[EventDate "2026.02.20"]
[EventType "swiss"]
[EventRounds "5"]
[EventCountry "CAN"]
[TimeControl "5400+30"]

1. Nf3 Nf6 2. b3 g6 3. Bb2 Bg7 4. g3 O-O 5. Bg2 d6 6. c4 e5 7. d3 c5 8. O-O Nc6 9. Nc3 h6 10. Ne1 Be6 11. Nc2 d5 12. cxd5 Nxd5 13. Qd2 a5 14. Ne3 Nde7 15. Rac1 Rc8 16. Nc4 b6 17. Nb5 Rb8 18. Ba1 Nd4 19. Nba3 Bd5 20. Ne3 Bxg2 21. Nxg2 Qd7 22. Nc4 Nec6 23. f4 e4 24. Kh1 Qe6 25. Nce3 f5 26. dxe4 Qxe4 27. Qd3 Qxd3 28. exd3 Rfe8 29. Nd5 Re2 30. Rfe1 Rxa2 31. Ne7+ Nxe7 32. Rxe7 Re2 33. Re1 Rxe1+ 34. Nxe1 Bf8 35. Re3 Nxb3 36. Bb2 Nd4 37. Bxd4 cxd4 38. Re6 a4 39. Rxg6+ Kf7 40. Rc6 a3 41. Rc7+ Kg8 42. Nc2 Ra8 43. Rc6 a2 44. Rxb6 Rc8 45. Na1 Rc1+ 46. Kg2 Rxa1 47. Ra6 Kf7 48. h3 h5 0-1

[Event "Carnaval"]
[Site "Quebec CAN"]
[Date "2026.02.21"]
[Round "2"]
[White "Rainfray, Arnaud"]
[Black "Chua, Zachary"]
[Result "1-0"]
[ECO "B50"]
[WhiteElo "2336"]
[BlackElo "1971"]
[WhiteFideId "-1"]
[BlackFideId "-1"]
[PlyCount "39"]
[GameId "2286552151535652"]
[EventDate "2026.02.20"]
[EventType "swiss"]
[EventRounds "5"]
[EventCountry "CAN"]
[TimeControl "5400+30"]

1. e4 c5 2. Nf3 d6 3. c3 Nf6 4. Be2 Nc6 5. d4 cxd4 6. cxd4 Nxe4 7. d5 Qa5+ 8. Nc3 Nxc3 9. bxc3 Ne5 10. Nxe5 dxe5 11. Qb3 a6 12. O-O g6 13. Ba3 Qc7 14. Rfd1 Bf5 15. c4 Rd8 16. c5 h5 17. Qa4+ Bd7 18. Qh4 Bg7 19. d6 exd6 20. cxd6 1-0

[Event "Carnaval"]
[Site "Quebec CAN"]
[Date "2026.02.21"]
[Round "2"]
[White "Page-Fortin, Mathieu"]
[Black "Adam, Rafael"]
[Result "0-1"]
[ECO "A01"]
[WhiteElo "1954"]
[BlackElo "2304"]
[WhiteFideId "-1"]
[BlackFideId "-1"]
[PlyCount "136"]
[GameId "2286552151535653"]
[EventDate "2026.02.20"]
[EventType "swiss"]
[EventRounds "5"]
[EventCountry "CAN"]
[TimeControl "5400+30"]

1. b3 e5 2. Bb2 Nc6 3. e3 Nf6 4. Bb5 Bd6 5. Na3 Na5 6. Be2 c6 7. c4 b6 8. Nc2 O-O 9. Nf3 Re8 10. d4 e4 11. Ne5 Bc7 12. b4 Nb7 13. O-O Nd6 14. c5 Nf5 15. Bc4 Rf8 16. f3 d5 17. cxd6 Nxd6 18. Bb3 Qe8 19. f4 Nd5 20. a4 f6 21. Nc4 Be6 22. Qe2 a6 23. Nxd6 Bxd6 24. b5 axb5 25. axb5 Rxa1 26. Rxa1 cxb5 27. Na3 b4 28. Nb5 Qc6 29. Rc1 Qd7 30. Nxd6 Qxd6 31. Qb5 Ne7 32. Bxe6+ Qxe6 33. Qxb4 Nd5 34. Qb3 Ra8 35. Rb1 Nxf4 36. Qxe6+ Nxe6 37. d5 Nc7 38. d6 Nd5 39. Bd4 Rd8 40. Bxb6 Rxd6 41. Bd4 Rd7 42. Kf2 Kf7 43. Ra1 Nb4 44. Ra7 Nd3+ 45. Kg3 Rxa7 46. Bxa7 Ke6 47. Kg4 g6 48. h4 h5+ 49. Kh3 Kf5 50. g3 Ne1 51. Bb8 g5 52. hxg5 fxg5 53. Bc7 Nf3 54. Bb8 Ke6 55. Kg2 Kd5 56. Kf2 Kc4 57. Ke2 Kc3 58. Bc7 Kc2 59. Bd6 Ng1+ 60. Kf2 Nf3 61. Ke2 h4 62. gxh4 gxh4 63. Kf2 Kd3 64. Bf4 Kd2 65. Kf1 Ne1 66. Kg1 Ke2 67. Kh2 Nc2 68. Bg5 Nxe3 0-1

[Event "Carnaval"]
[Site "Quebec CAN"]
[Date "2026.02.21"]
[Round "2"]
[White "Cassista, Jeremie"]
[Black "Wiebe, Isaac"]
[Result "0-1"]
[ECO "D37"]
[WhiteElo "1814"]
[BlackElo "2248"]
[WhiteFideId "-1"]
[BlackFideId "-1"]
[PlyCount "82"]
[GameId "2286552151539750"]
[EventDate "2026.02.20"]
[EventType "swiss"]
[EventRounds "5"]
[EventCountry "CAN"]
[TimeControl "5400+30"]

1. d4 d5 2. Nf3 Nf6 3. c4 e6 4. Bf4 Be7 5. e3 O-O 6. Nc3 b6 7. Rc1 c5 8. Be2 dxc4 9. Ne5 Bb7 10. Bf3 Qc8 11. dxc5 Rd8 12. Qe2 Bxc5 13. O-O Nbd7 14. Nxc4 Bxf3 15. Qxf3 Qa6 16. Ne5 Nxe5 17. Bxe5 Be7 18. Rfd1 Rac8 19. a3 Nd7 20. Bd6 Bf6 21. e4 Ne5 22. Qg3 Ng6 23. e5 Be7 24. Rd4 Qb5 25. Rc2 Qb3 26. Rcd2 Rc4 27. R4d3 Bh4 28. Qe3 Nf4 29. Rd4 Bg5 30. h4 Bh6 31. Be7 Rdxd4 32. Rxd4 Nd5 33. Rxd5 exd5 34. Bg5 Bxg5 35. Qxg5 Rc8 36. Qe7 d4 37. Qd7 Rf8 38. Ne4 Qxb2 39. Qf5 Qc1+ 40. Kh2 Qh6 41. g3 d3 0-1

[Event "Carnaval"]
[Site "Quebec CAN"]
[Date "2026.02.21"]
[Round "2"]
[White "Duong, Thanh Nha"]
[Black "Bain-Thouverez, Aurelien"]
[Result "1-0"]
[ECO "A12"]
[WhiteElo "2303"]
[BlackElo "1821"]
[WhiteFideId "-1"]
[BlackFideId "-1"]
[PlyCount "43"]
[GameId "2286552151539751"]
[EventDate "2026.02.20"]
[EventType "swiss"]
[EventRounds "5"]
[EventCountry "CAN"]
[TimeControl "5400+30"]

1. Nf3 Nf6 2. c4 c6 3. g3 d5 4. b3 Bf5 5. Bb2 e6 6. Bg2 h6 7. O-O Bd6 8. d3 O-O 9. Nc3 Nbd7 10. Re1 Ne5 11. Nd4 Bg4 12. h3 Bh5 13. cxd5 cxd5 14. Rc1 Nc6 15. Nxc6 bxc6 16. Na4 Bb4 17. Rf1 Qd6 18. Qc2 Nd7 19. g4 Bg6 20. Qxc6 Rac8 21. Qb7 Nc5 22. Qxb4 1-0

[Event "Carnaval"]
[Site "Quebec CAN"]
[Date "2026.02.21"]
[Round "2"]
[White "Papineau Esq, Daniel"]
[Black "Wu, Ting En Ryan"]
[Result "0-1"]
[ECO "D45"]
[WhiteElo "2010"]
[BlackElo "1839"]
[WhiteFideId "-1"]
[BlackFideId "-1"]
[PlyCount "114"]
[GameId "2286552151543848"]
[EventDate "2026.02.20"]
[EventType "swiss"]
[EventRounds "5"]
[EventCountry "CAN"]
[TimeControl "5400+30"]

1. d4 d5 2. c4 c6 3. Nf3 Nf6 4. Nc3 e6 5. e3 Bd6 6. g4 Nbd7 7. Qc2 Nxg4 8. Rg1 h5 9. h3 Nh6 10. e4 dxe4 11. Nxe4 Bb4+ 12. Bd2 Bxd2+ 13. Qxd2 Nf6 14. Nc3 Nf5 15. O-O-O Bd7 16. Ne5 Rc8 17. Kb1 Qc7 18. Qf4 b5 19. Rxg7 Nxg7 20. Qxf6 O-O 21. Bd3 Qd8 22. Qh6 f5 23. Rg1 Qe7 24. Ne2 Be8 25. Qe3 Qf6 26. c5 Rd8 27. f4 Kh7 28. Rg5 Rd5 29. Ng1 Bd7 30. Ngf3 Qh6 31. Qg1 Be8 32. Qg3 h4 33. Qf2 Rh8 34. Bc2 Kg8 35. Bb3 Rd8 36. Qe1 Qf6 37. Qa5 Ra8 38. Qc7 Rh7 39. Nxc6 Kh8 40. Qb7 Bxc6 41. Qxc6 Rd8 42. d5 Nh5 43. Qxe6 Qxe6 44. dxe6 Nxf4 45. Ne5 Nxh3 46. Rxf5 Re8 47. Nf7+ Kg7 48. Rf3 Ng1 49. Rf2 h3 50. Ng5 Rh5 51. Rf7+ Kg6 52. Nxh3 Nxh3 53. c6 Ng5 54. Rxa7 Nxe6 55. a3 Rc5 56. Ra6 Nc7 57. Rb6 Re3 0-1

[Event "Carnaval"]
[Site "Quebec CAN"]
[Date "2026.02.21"]
[Round "2"]
[White "Wilkin, Alain"]
[Black "Lamontagne, Damien"]
[Result "1/2-1/2"]
[ECO "E14"]
[WhiteElo "1813"]
[BlackElo "1905"]
[WhiteFideId "-1"]
[BlackFideId "-1"]
[PlyCount "103"]
[GameId "2286552151543849"]
[EventDate "2026.02.20"]
[EventType "swiss"]
[EventRounds "5"]
[EventCountry "CAN"]
[TimeControl "5400+30"]

1. Nf3 Nf6 2. d4 e6 3. c4 c5 4. e3 b6 5. Nc3 Be7 6. Bd3 Bb7 7. O-O O-O 8. b3 d5 9. cxd5 exd5 10. Bb2 Nc6 11. Rc1 Rc8 12. Re1 a6 13. Bf5 Rc7 14. dxc5 bxc5 15. Na4 Ne4 16. Ba3 Na5 17. Bxe4 dxe4 18. Qxd8 Rxd8 19. Ne5 f6 20. Nc4 Nxc4 21. Rxc4 Rd2 22. Nc3 Rc2 23. Rc1 Rxc1+ 24. Bxc1 Rd7 25. Kf1 a5 26. Ke1 f5 27. Bd2 Rd3 28. Na4 Ba6 29. Rc2 Rd5 30. Nb2 Bd8 31. Na4 Be7 32. Bxa5 Bd3 33. Rc1 c4 34. b4 Bf6 35. Nc3 Rd7 36. a3 g5 37. b5 f4 38. g3 fxe3 39. fxe3 g4 40. Ne2 Bb2 41. Rd1 Bxa3 42. Bc3 Rb7 43. Nd4 Bc5 44. Ra1 Bxd4 45. Bxd4 Rxb5 46. Ra8+ Kf7 47. Ra7+ Ke6 48. Rxh7 Rf5 49. Kd2 Rf2+ 50. Kc3 Rc2+ 51. Kb4 Ra2 52. Rh6+ 1/2-1/2

[Event "Carnaval"]
[Site "Quebec CAN"]
[Date "2026.02.21"]
[Round "2"]
[White "Saine, Zachary"]
[Black "Genest, Jean-Philippe"]
[Result "1-0"]
[ECO "B70"]
[WhiteElo "2133"]
[BlackElo "1694"]
[WhiteFideId "-1"]
[BlackFideId "-1"]
[PlyCount "59"]
[GameId "2286552151547946"]
[EventDate "2026.02.20"]
[EventType "swiss"]
[EventRounds "5"]
[EventCountry "CAN"]
[TimeControl "5400+30"]

1. e4 c5 2. Nf3 d6 3. d4 cxd4 4. Nxd4 Nf6 5. Nc3 g6 6. f3 Nc6 7. Be3 h5 8. Qd2 Nxd4 9. Bxd4 Bh6 10. Qf2 Qa5 11. Bb5+ Kf8 12. Rd1 Be6 13. O-O Rc8 14. Be2 a6 15. a3 Bg7 16. Bb6 Qg5 17. Be3 Qa5 18. Bb6 Qg5 19. h4 Qh6 20. Be3 Qh7 21. Na4 Rxc2 22. Rc1 Bb3 23. Rxc2 Bxc2 24. Nb6 Bb3 25. Rc1 Be6 26. Rc7 Ne8 27. Rxb7 Bxb2 28. a4 a5 29. Bb5 f5 30. Qxb2 1-0

[Event "Carnaval"]
[Site "Quebec CAN"]
[Date "2026.02.21"]
[Round "2"]
[White "Berube, Antoine"]
[Black "Dube, Daniel"]
[Result "1-0"]
[ECO "E11"]
[WhiteElo "2214"]
[BlackElo "1840"]
[WhiteFideId "-1"]
[BlackFideId "-1"]
[PlyCount "115"]
[GameId "2286552151547947"]
[EventDate "2026.02.20"]
[EventType "swiss"]
[EventRounds "5"]
[EventCountry "CAN"]
[TimeControl "5400+30"]

1. d4 e6 2. c4 Nf6 3. Nf3 Bb4+ 4. Bd2 Bxd2+ 5. Qxd2 b6 6. Nc3 Bb7 7. d5 d6 8. g3 e5 9. Bg2 O-O 10. O-O Qe7 11. Qc2 Re8 12. Nd2 Nbd7 13. b4 Rec8 14. Qb2 c5 15. b5 a6 16. a4 a5 17. e4 Re8 18. Rae1 Nf8 19. Nd1 Ng6 20. Qc1 Nh5 21. Ne3 Bc8 22. Qd1 Qg5 23. Kh1 Qh6 24. Bf3 Nf6 25. Rg1 Qg5 26. Qe2 Nd7 27. Nf5 Qf6 28. Nf1 Ne7 29. Nh4 Ng6 30. Ng2 Ndf8 31. Nfe3 Ra7 32. Bg4 Bxg4 33. Nxg4 Qd8 34. N4e3 Ne7 35. Qc2 g6 36. f4 Nd7 37. Rgf1 f6 38. h4 Rf8 39. f5 Rf7 40. fxg6 hxg6 41. Rf3 Kg7 42. Ref1 Ng8 43. Kg1 Nf8 44. Qf2 Nh6 45. Ne1 Nh7 46. g4 g5 47. Rh3 Ng8 48. Nf3 gxh4 49. Qxh4 Ng5 50. Nxg5 fxg5 51. Qh7+ Kf8 52. Rhf3 Qe8 53. Qg6 Rxf3 54. Rxf3+ Rf7 55. Qxd6+ Ne7 56. Nf5 Qc8 57. Qh6+ Kg8 58. Qxg5+ 1-0

[Event "Carnaval"]
[Site "Quebec CAN"]
[Date "2026.02.21"]
[Round "2"]
[White "Zhang, Yitian"]
[Black "Gutierrez, Renzo"]
[Result "0-1"]
[ECO "E35"]
[WhiteElo "1828"]
[BlackElo "2206"]
[WhiteFideId "-1"]
[BlackFideId "-1"]
[PlyCount "78"]
[GameId "2286552151552044"]
[EventDate "2026.02.20"]
[EventType "swiss"]
[EventRounds "5"]
[EventCountry "CAN"]
[TimeControl "5400+30"]

1. d4 Nf6 2. c4 e6 3. Nc3 Bb4 4. Qc2 d5 5. cxd5 exd5 6. Bg5 O-O 7. e3 h6 8. Bxf6 Qxf6 9. a3 Bxc3+ 10. Qxc3 c6 11. Nf3 Bf5 12. Be2 Nd7 13. O-O Rfe8 14. Rfc1 Rac8 15. b4 b6 16. Qb3 Qd6 17. Rc3 Nf6 18. Rd1 Rc7 19. Rcc1 Bg4 20. h3 Bf5 21. a4 Rb8 22. Qb2 Ne4 23. Qb3 Rbc8 24. Ba6 Rd8 25. Be2 Qf6 26. Qa3 Qe7 27. Qb3 Rd6 28. b5 c5 29. dxc5 Nxc5 30. Qb4 Be4 31. a5 Rg6 32. axb6 axb6 33. Rc3 Qf6 34. Qd4 Qe6 35. Kh2 Re7 36. Ra1 Qf5 37. Ra8+ Kh7 38. Ra2 Ree6 39. Rc1 Nb3 0-1

[Event "Carnaval"]
[Site "Quebec CAN"]
[Date "2026.02.21"]
[Round "2"]
[White "Potvin, Alain-Nicolas"]
[Black "Alcantara, Maximo"]
[Result "0-1"]
[ECO "D05"]
[WhiteElo "1717"]
[BlackElo "1941"]
[WhiteFideId "-1"]
[BlackFideId "-1"]
[PlyCount "70"]
[GameId "2286552151552045"]
[EventDate "2026.02.20"]
[EventType "swiss"]
[EventRounds "5"]
[EventCountry "CAN"]
[TimeControl "5400+30"]

1. d4 Nf6 2. Nf3 c5 3. e3 e6 4. Bd3 Nc6 5. c3 d5 6. Nbd2 Bd6 7. O-O O-O 8. dxc5 Bxc5 9. e4 e5 10. exd5 Qxd5 11. Qe2 Be7 12. Ne4 Bg4 13. Nxf6+ Bxf6 14. Qe4 Qxe4 15. Bxe4 Rad8 16. Be3 Rd7 17. Rad1 Rfd8 18. Rxd7 Rxd7 19. h3 Bh5 20. g4 Bg6 21. Bxc6 bxc6 22. g5 Bh5 23. Nd2 Be7 24. Re1 f5 25. gxf6 gxf6 26. Nc4 Bf3 27. Nd2 Bd5 28. b3 Be6 29. Kh2 f5 30. Nf3 Bd6 31. Rg1+ Kf8 32. Bh6+ Ke8 33. Ng5 Bd5 34. f3 e4+ 35. Kh1 exf3 0-1

[Event "Carnaval"]
[Site "Quebec CAN"]
[Date "2026.02.21"]
[Round "2"]
[White "Belanger, Mathieu-Olivier"]
[Black "Voisin, Antoine"]
[Result "1-0"]
[ECO "B11"]
[WhiteElo "1920"]
[BlackElo "1645"]
[WhiteFideId "-1"]
[BlackFideId "-1"]
[PlyCount "69"]
[GameId "2286552151552046"]
[EventDate "2026.02.20"]
[EventType "swiss"]
[EventRounds "5"]
[EventCountry "CAN"]
[TimeControl "5400+30"]

1. e4 c6 2. Nf3 d5 3. Nc3 dxe4 4. Nxe4 Nf6 5. Qe2 Nxe4 6. Qxe4 Nd7 7. Bc4 Nf6 8. Ne5 e6 9. Qe2 Bd6 10. d4 O-O 11. Bg5 Qa5+ 12. c3 Nd5 13. Bd2 Qc7 14. Bd3 f6 15. Nc4 Nf4 16. Bxf4 Bxf4 17. g3 Bh6 18. f4 b5 19. Ne3 e5 20. Ng2 exf4 21. gxf4 Bxf4 22. Qe4 Bh6 23. Qxh7+ Kf7 24. O-O Be6 25. Rae1 Rae8 26. Bg6+ Ke7 27. Bxe8 Rxe8 28. Nf4 Bxf4 29. Qxg7+ Kd8 30. Qxf6+ Kc8 31. Rxf4 Rg8+ 32. Kf2 Bd5 33. Re7 Qd8 34. Qe5 Rf8 35. Rc7+ 1-0

[Event "Carnaval"]
[Site "Quebec CAN"]
[Date "2026.02.21"]
[Round "2"]
[White "Huynh, Nhu Phuong Nghi"]
[Black "Drolet, Stephane"]
[Result "1-0"]
[ECO "D13"]
[WhiteElo "1656"]
[BlackElo "1896"]
[WhiteFideId "-1"]
[BlackFideId "-1"]
[PlyCount "97"]
[GameId "2286552151556143"]
[EventDate "2026.02.20"]
[EventType "swiss"]
[EventRounds "5"]
[EventCountry "CAN"]
[TimeControl "5400+30"]

1. d4 d5 2. c4 c6 3. cxd5 cxd5 4. Nf3 Nc6 5. Nc3 Nf6 6. Bf4 a6 7. h3 Bf5 8. e3 e6 9. Be2 Bb4 10. O-O Rc8 11. Rc1 Qa5 12. a3 Be7 13. Nd2 Qd8 14. b4 O-O 15. Nb3 Bd6 16. Bxd6 Qxd6 17. Nc5 Qe7 18. Bd3 Bxd3 19. Qxd3 Nb8 20. N3a4 Ne8 21. e4 dxe4 22. Nxe4 Nd6 23. Nac5 Nxe4 24. Qxe4 Rc7 25. Rfe1 Rfc8 26. d5 b6 27. Nd3 Rxc1 28. Nxc1 Qb7 29. Nd3 Qxd5 30. Qxd5 exd5 31. Re7 Nc6 32. Rb7 Rb8 33. Rc7 Nd4 34. Rd7 Ne2+ 35. Kf1 Nc3 36. Nf4 Nb5 37. Nxd5 Nxa3 38. Nxb6 Nc2 39. Nd5 Re8 40. f3 h6 41. Rc7 Ne1 42. Rc3 Rd8 43. Nc7 Rd1 44. Nxa6 Rb1 45. Kf2 Rd1 46. b5 Nd3+ 47. Ke2 Nb2 48. Rb3 Rg1 49. b6 1-0

[Event "Carnaval"]
[Site "Quebec CAN"]
[Date "2026.02.21"]
[Round "2"]
[White "Vaillant, Charles-Etienne"]
[Black "Lorge, Edouard"]
[Result "1-0"]
[ECO "A27"]
[WhiteElo "1863"]
[BlackElo "1495"]
[WhiteFideId "-1"]
[BlackFideId "-1"]
[PlyCount "55"]
[GameId "2286552151556144"]
[EventDate "2026.02.20"]
[EventType "swiss"]
[EventRounds "5"]
[EventCountry "CAN"]
[TimeControl "5400+30"]

1. c4 e5 2. Nc3 Nc6 3. Nf3 Bc5 4. e3 d6 5. a3 a6 6. d4 exd4 7. exd4 Ba7 8. Bg5 Nf6 9. Nd5 Be6 10. Nxf6+ gxf6 11. Be3 Bg4 12. Be2 Qd7 13. Qd2 O-O-O 14. O-O-O Rhe8 15. Rhe1 Re7 16. h3 Bf5 17. Qc3 Rde8 18. b4 d5 19. c5 Nd8 20. Qb3 c6 21. a4 Bb8 22. Rd2 Ne6 23. b5 axb5 24. axb5 Bf4 25. bxc6 bxc6 26. Ba6+ Kd8 27. Bxf4 Qa7 28. Qb8+ 1-0

[Event "Carnaval"]
[Site "Quebec CAN"]
[Date "2026.02.21"]
[Round "2"]
[White "Lapalme, Gabriel"]
[Black "Audouze, Oscar"]
[Result "0-1"]
[ECO "C07"]
[WhiteElo "1530"]
[BlackElo "1844"]
[WhiteFideId "-1"]
[BlackFideId "-1"]
[PlyCount "66"]
[GameId "2286552151556145"]
[EventDate "2026.02.20"]
[EventType "swiss"]
[EventRounds "5"]
[EventCountry "CAN"]
[TimeControl "5400+30"]

1. d4 e6 2. e4 d5 3. Nd2 c5 4. Ngf3 cxd4 5. Nxd4 Nf6 6. exd5 Nxd5 7. N2b3 Be7 8. a3 O-O 9. Bd3 a5 10. Nf3 Nd7 11. O-O a4 12. Nbd4 Nc5 13. Be2 Qc7 14. Nb5 Qb6 15. b4 axb3 16. cxb3 Bd7 17. a4 Bxb5 18. Bxb5 Nc3 19. Qc2 Nxb5 20. Be3 Nc7 21. Rac1 N7a6 22. Nd4 Rac8 23. Nb5 Nb4 24. Qc4 Nd5 25. Bd4 Qa5 26. f4 Nb6 27. Qc2 Ncxa4 28. Qe2 Nc5 29. Bc3 Qa8 30. Ra1 Na6 31. Qe5 Bf6 32. Qe3 Nd5 33. Qf2 Nxc3 0-1

[Event "Carnaval"]
[Site "Quebec CAN"]
[Date "2026.02.21"]
[Round "3"]
[White "Adam, Rafael"]
[Black "Sambuev, Bator"]
[Result "0-1"]
[ECO "A13"]
[WhiteElo "2304"]
[BlackElo "2536"]
[WhiteFideId "-1"]
[BlackFideId "-1"]
[PlyCount "68"]
[GameId "2286552151560242"]
[EventDate "2026.02.20"]
[EventType "swiss"]
[EventRounds "5"]
[EventCountry "CAN"]
[TimeControl "5400+30"]

1. Nf3 d5 2. g3 c5 3. Bg2 Nf6 4. O-O e6 5. c4 d4 6. e3 Nc6 7. exd4 cxd4 8. d3 Nd7 9. Na3 e5 10. Bg5 Qb6 11. Re1 f6 12. Bd2 Nc5 13. Qc2 Bf5 14. Bf1 Be7 15. b4 Nxb4 16. Bxb4 Qxb4 17. Nb5 Rd8 18. Nc7+ Kf7 19. Nh4 Bg4 20. h3 Bc8 21. Nd5 Qa4 22. Qe2 Rhe8 23. Qh5+ Kg8 24. Nc7 Rf8 25. Bg2 Rf7 26. Bd5 Rxd5 27. cxd5 Nxd3 28. Re2 Qd7 29. Qf3 Nc5 30. Ne6 Nxe6 31. dxe6 Qxe6 32. Rc1 Bb4 33. Ng2 Bc3 34. Nf4 Qc6 0-1

[Event "Carnaval"]
[Site "Quebec CAN"]
[Date "2026.02.21"]
[Round "3"]
[White "Song, Julien"]
[Black "Rainfray, Arnaud"]
[Result "1-0"]
[ECO "C42"]
[WhiteElo "2458"]
[BlackElo "2336"]
[WhiteFideId "-1"]
[BlackFideId "-1"]
[PlyCount "95"]
[GameId "2286552151564339"]
[EventDate "2026.02.20"]
[EventType "swiss"]
[EventRounds "5"]
[EventCountry "CAN"]
[TimeControl "5400+30"]

1. d4 d5 2. c4 e6 3. Nf3 Nf6 4. e3 c5 5. cxd5 exd5 6. Be2 Nc6 7. O-O cxd4 8. exd4 Ne4 9. Nc3 Nxc3 10. bxc3 Be7 11. Bd3 O-O 12. h3 Bd6 13. Rb1 Qc7 14. Re1 Rb8 15. Qc2 h6 16. Be3 Be6 17. Qd2 Ne7 18. Bxh6 Nf5 19. Bg5 Rbe8 20. Bc2 Bc8 21. Nh4 Nxh4 22. Bxh4 Bf4 23. Qd3 g6 24. g4 Kg7 25. Kg2 b6 26. Bg3 Bxg3 27. Qxg3 Qxg3+ 28. Kxg3 Ba6 29. Bb3 Rc8 30. Re3 Bc4 31. Kf4 Rc7 32. h4 Rfc8 33. h5 gxh5 34. gxh5 Kh6 35. Bxc4 Rxc4 36. Rb5 Rxc3 37. Rxd5 Rc2 38. Rd6+ Kh7 39. f3 R8c7 40. Re8 Rh2 41. Rdd8 Kg7 42. h6+ Kh7 43. d5 Rh5 44. d6 Rcc5 45. Rh8+ Kg6 46. Rdg8+ Kf6 47. d7 Rhf5+ 48. Kg3 1-0

[Event "Carnaval"]
[Site "Quebec CAN"]
[Date "2026.02.21"]
[Round "3"]
[White "Gutierrez, Renzo"]
[Black "Belanger, Mathieu-Olivier"]
[Result "1-0"]
[ECO "E87"]
[WhiteElo "2206"]
[BlackElo "1920"]
[WhiteFideId "-1"]
[BlackFideId "-1"]
[PlyCount "113"]
[GameId "2286552151564340"]
[EventDate "2026.02.20"]
[EventType "swiss"]
[EventRounds "5"]
[EventCountry "CAN"]
[TimeControl "5400+30"]

1. d4 Nf6 2. c4 g6 3. f3 Bg7 4. e4 d6 5. Nc3 O-O 6. Be3 e5 7. d5 a5 8. Nge2 Nfd7 9. Qd2 Nc5 10. g4 Nba6 11. O-O-O Bd7 12. Kb1 Rb8 13. h4 f5 14. gxf5 gxf5 15. Nc1 f4 16. Bf2 Kh8 17. Bh3 Bxh3 18. Rxh3 Qd7 19. Rh2 Bf6 20. Rg1 Rg8 21. Rxg8+ Rxg8 22. Nd3 b6 23. Nxc5 Nxc5 24. b3 h5 25. Kc2 Rg6 26. Qe2 Qg7 27. Qf1 Kh7 28. Nb5 Kh6 29. Qh3 Bd8 30. a3 Qd7 31. Qxd7 Nxd7 32. b4 axb4 33. axb4 Nf6 34. Be1 Rg1 35. Kd2 Ng4 36. Re2 Ne3 37. Kd3 Rg2 38. Rxg2 Nxg2 39. Bf2 Nxh4 40. Bxh4 Bxh4 41. Nxc7 Be7 42. Ke2 Kg6 43. Kf2 Kh6 44. Kg2 Kg6 45. Kh3 Kg7 46. Nb5 Kf7 47. Na7 Ke8 48. Nc8 Kd7 49. Nxe7 Kxe7 50. Kh4 Kf8 51. Kxh5 Kf7 52. Kg5 Kg7 53. Kf5 Kf7 54. b5 Ke7 55. Kg6 Ke8 56. Kf6 Kd7 57. Kf7 1-0

[Event "Carnaval"]
[Site "Quebec CAN"]
[Date "2026.02.21"]
[Round "3"]
[White "Lamontagne, Damien"]
[Black "Di Matteo, Alessio"]
[Result "1-0"]
[ECO "B48"]
[WhiteElo "1905"]
[BlackElo "2048"]
[WhiteFideId "-1"]
[BlackFideId "-1"]
[PlyCount "79"]
[GameId "2286552151564341"]
[EventDate "2026.02.20"]
[EventType "swiss"]
[EventRounds "5"]
[EventCountry "CAN"]
[TimeControl "5400+30"]

1. e4 c5 2. Nf3 e6 3. d4 cxd4 4. Nxd4 Nc6 5. Nc3 Qc7 6. Be3 a6 7. Qd2 Nf6 8. f3 Be7 9. O-O-O b5 10. g4 Nxd4 11. Bxd4 Bb7 12. Kb1 Rc8 13. h4 b4 14. Na4 d5 15. Nb6 Rd8 16. e5 Nd7 17. Nxd7 Qxd7 18. Bd3 a5 19. f4 O-O 20. f5 f6 21. fxe6 Qxe6 22. Bf5 Qc6 23. e6 Kh8 24. g5 Bc8 25. Qe3 Rde8 26. h5 Kg8 27. Qh3 fxg5 28. Bxh7+ Kxh7 29. Qd3+ Kg8 30. h6 Qxe6 31. hxg7 Rf5 32. Rh8+ Kf7 33. Rxe8 Kxe8 34. Qxf5 Qxf5 35. g8=Q+ Kd7 36. Bc5 Bb7 37. Bxe7 Kxe7 38. Qg7+ Kd6 39. Qxb7 g4 40. Qb6+ 1-0

[Event "Carnaval"]
[Site "Quebec CAN"]
[Date "2026.02.21"]
[Round "3"]
[White "Drolet, Louis-Charles"]
[Black "Vaillant, Charles-Etienne"]
[Result "0-1"]
[ECO "D14"]
[WhiteElo "1992"]
[BlackElo "1863"]
[WhiteFideId "-1"]
[BlackFideId "-1"]
[PlyCount "80"]
[GameId "2286552151568438"]
[EventDate "2026.02.20"]
[EventType "swiss"]
[EventRounds "5"]
[EventCountry "CAN"]
[TimeControl "5400+30"]

1. d4 d5 2. c4 c6 3. cxd5 cxd5 4. Nc3 Nf6 5. Nf3 Nc6 6. Bf4 a6 7. h3 Bf5 8. e3 e6 9. Bd3 Bxd3 10. Qxd3 Bd6 11. Bxd6 Qxd6 12. O-O O-O 13. Rac1 Rac8 14. Na4 Rc7 15. Nc5 Rfc8 16. Qb1 a5 17. b3 b6 18. Nd3 Ne4 19. Qb2 Nb4 20. Nxb4 axb4 21. Nd2 Nc3 22. Kh1 Ra8 23. Ra1 Rca7 24. a4 b5 25. axb5 Nxb5 26. Rxa7 Rxa7 27. Rc1 Nc3 28. Ra1 Qb8 29. Rxa7 Qxa7 30. Nb1 Qa5 31. Kh2 g5 32. Nd2 Kg7 33. Nf3 Qc7+ 34. g3 Ne4 35. Kg2 h6 36. Qa2 Qc3 37. Ne5 Qe1 38. Nf3 Qc3 39. g4 Qc1 40. Nh2 Qd2 0-1

[Event "Carnaval"]
[Site "Quebec CAN"]
[Date "2026.02.21"]
[Round "3"]
[White "Audouze, Oscar"]
[Black "Iordanescu, Victor Nicolae"]
[Result "0-1"]
[ECO "E32"]
[WhiteElo "1844"]
[BlackElo "1992"]
[WhiteFideId "-1"]
[BlackFideId "-1"]
[PlyCount "40"]
[GameId "2286552151568439"]
[EventDate "2026.02.20"]
[EventType "swiss"]
[EventRounds "5"]
[EventCountry "CAN"]
[TimeControl "5400+30"]

1. d4 Nf6 2. c4 e6 3. Nc3 Bb4 4. Qc2 h6 5. e4 c5 6. d5 exd5 7. exd5 b5 8. b3 Qe7+ 9. Be2 O-O 10. Nf3 Re8 11. O-O Bxc3 12. Qxc3 Qxe2 13. Re1 b4 14. Rxe2 bxc3 15. Rxe8+ Nxe8 16. Be3 d6 17. Rc1 Bg4 18. Ne1 a5 19. a4 Nd7 20. Rxc3 Rb8 0-1